 Dungeon Crawl Stone Soup version 0.24.0-123-gd5b16e6ec5 (webtiles) character file.

Game seed: 4379936551283709497, levelgen mode: deterministic

683 FishyPogo the Grave Robber (level 7, -4/62 HPs)
             Began as a Ghoul Necromancer on Jan 1, 2020.
             Slain by Pikel
             ... wielding a +1 whip of freezing
              (10 damage)
             ... on level 6 of the Dungeon.
             The game lasted 00:17:50 (4264 turns).

FishyPogo the Grave Robber (Ghoul Necromancer)      Turns: 4264, Time: 00:17:50

Health: -4/62      AC:  2    Str: 11 (12) XL:     7   Next: 61%
Magic:  0/9        EV: 12    Int:  9 (10) God:
Gold:   296        SH:  0    Dex:  9 (11) Spells: 5/10 levels left

rFire    . . .     SeeInvis +   e - +2 short sword (speed)
rCold    + + .     Gourm    .   (no shield)
rNeg     + + +     Faith    .   a - +0 robe
rPois    ∞         Spirit   .   (no helmet)
rElec    .         Reflect  .   (no cloak)
rCorr    .         Harm     .   (no gloves)
MR       .....                  (no boots)
Stlth    ++........             (no amulet)
HPRegen  0.00/turn              k - ring of see invisible
MPRegen  0.11/turn              C - ring of protection from cold (curse)

@: starving, rotting
A: rotting body, claws 1, carnivore, cold resistance 1, negative energy
resistance 3, inhibited regeneration, torment resistance, unbreathing
a: no special abilities


You were on level 6 of the Dungeon.
You were starving.

You visited 1 branch of the dungeon, and saw 6 of its levels.

You collected 296 gold pieces.

Inventory:

Hand Weapons
 e - a +2 short sword of speed (weapon)
Missiles
 d - a throwing net
 f - 221 stones (quivered)
 m - 6 javelins
 p - 46 poisoned darts
 B - 11 boomerangs
Armour
 a - a +0 robe (worn)
 r - a cursed +0 ring mail
Jewellery
 k - a ring of see invisible (left claw)
 C - a cursed ring of protection from cold (right claw)
Wands
 n - a wand of disintegration (15)
 w - a wand of polymorph (11)
 F - a wand of paralysis (10)
Scrolls
 b - 3 scrolls of teleportation {unknown}
 g - 4 scrolls of identify {unknown}
 h - a scroll of blinking {unknown}
 i - 3 scrolls of enchant armour {unknown}
 t - 3 scrolls of enchant weapon {unknown}
 x - a scroll of noise {unknown}
 y - a scroll of magic mapping {unknown}
 z - 2 scrolls of remove curse {unknown}
 A - 2 scrolls of random uselessness {unknown}
 E - a scroll of immolation {unknown}
Potions
 j - a potion of brilliance {unknown}
 q - 2 potions of curing
 s - a potion of berserk rage {unknown}
 u - 2 potions of haste {unknown}
 v - 2 potions of lignification {unknown}
 D - a potion of agility {unknown}
 H - a potion of flight {unknown}
Comestibles
 c - 9 rations


   Skills:
 + Level 5.7 Fighting
 - Level 2.0 Dodging
 - Level 3.0 Stealth
 - Level 2.0 Spellcasting
 + Level 6.8 Necromancy


You had 5 spell levels left.
You knew the following spells:

 Your Spells              Type           Power        Failure   Level  Hunger
a - Pain                  Necr           ##..         1%          1    ##.....
b - Vampiric Draining     Necr           ##........   6%          3    ####...
y - Animate Skeleton      Necr           N/A          1%          1    ##.....

Your spell library contained the following spells:

 Spells                   Type           Power        Failure   Level  Hunger
 Animate Dead             Necr           N/A          21%         4    #####..
 Regeneration             Chrm/Necr      #.........   26%         3    ####...


Dungeon Overview and Level Annotations

Branches:
Dungeon (6/15)
 Temple: D:4-7

Altars:
Elyvilon
Okawaru
Uskayaw
Vehumet

Annotations:
D:6 2 transporters, Pikel; sneaky's ghost, novice BaFi


Innate Abilities, Weirdness & Mutations

Your body is rotting away.
You thrive on raw meat.
You are immune to poison.
You have sharp fingernails.
You are carnivorous and can eat meat at any time.
Your flesh is cold resistant. (rC+)
You are immune to negative energy. (rN+++)
You do not regenerate when monsters are visible.
You are immune to unholy pain and torment.
You can survive without breathing.


Message History

Aiming: Vampiric Draining (safe; 6% risk of failure)
Press: ? - help, Shift-Dir - straight line, f/p - Pikel
Aim: Pikel, wielding a +1 whip of freezing, wearing a +0 robe and carrying a wand of random effects (17) (heavily wounded) Pikel is almost dead.
You feel life coursing into your body. Pikel waves his whip at you.
Pikel hits you with a +1 whip of freezing!
* * * LOW HITPOINT WARNING * * *
Pikel freezes you.
* * * LOW HITPOINT WARNING * * *
The slave misses you.
Pikel says, "Slavery isn't that bad."
You miss Pikel.
Pikel is almost dead.
Pikel misses you. The slave hits you.
* * * LOW HITPOINT WARNING * * *
You hit Pikel.
Pikel is almost dead.
Pikel hits you with a +1 whip of freezing!
You die...

######.....(.#.........#.......#
.....#.......#.........#.......#
.....#.......#.........####'####
.....#.......#....##...##.....#
.....#.......#######...##.....#
.....#.............#...#......#
.....#.............#...#......#
.....#.........K<..'...#......#
.....########..p@..#...+......#
...)..'.....#......###'##.....#
......#.....#......#...##.....#
.....##.....#......#..........#
.....##.....#......#....÷.....#
.....########......#..........#
.....##.....#......#<..##.....#
............#......#...##.....#
............#......#..........#


You could see Pikel and a slave.

Vanquished Creatures
  3 slaves
  A phantom (D:6)
  A bullfrog (D:6)
  A howler monkey (D:6)
  A bullfrog zombie (D:5)
  2 hounds (D:5)
  Natasha (thrice) (D:2)
  A bullfrog skeleton (D:6)
  2 orc wizards
  A worker ant (D:4)
  A gnoll (D:4)
  7 adders
  A shadow imp (D:5)
  An ooze (D:2)
  3 worms
  3 leopard geckos
  9 orcs
  A ball python (D:3)
  8 bats
  7 giant cockroaches
  7 goblins
  10 hobgoblins
  6 jackals
  2 quokkas
  5 frilled lizards
  6 kobolds
  A leopard gecko skeleton (D:5)
  A quokka skeleton (D:5)
  6 rats
101 creatures vanquished.

Vanquished Creatures (collateral kills)
  A bullfrog zombie (D:5)
  A worker ant (D:5)
  2 orcs
  A goblin (D:2)
  A kobold (D:2)
6 creatures vanquished.

Grand Total: 107 creatures vanquished

Notes
Turn   | Place    | Note
-------+----------+-------------------------------------------
     0 | D:1      | FishyPogo the Ghoul Necromancer began the quest for the
                  | Orb.
     0 | D:1      | Reached XP level 1. HP: 14/14 MP: 2/2
    43 | D:1      | Learned a level 1 spell: Animate Skeleton
   291 | D:1      | Reached XP level 2. HP: 14/22 MP: 0/3
   705 | D:2      | Reached skill level 1 in Fighting
   753 | D:2      | Reached XP level 3. HP: 23/28 MP: 3/5
   756 | D:2      | Noticed Natasha
   765 | D:2      | Killed Natasha
   770 | D:2      | Learned a level 3 spell: Vampiric Draining
   876 | D:2      | Reached XP level 4. HP: 12/36 MP: 6/6
   989 | D:2      | Noticed Natasha
  1124 | D:2      | Killed Natasha
  1155 | D:2      | Noticed Natasha
  1162 | D:2      | Killed Natasha
  1162 | D:2      | Reached XP level 5. HP: 24/42 MP: 1/7
  1313 | D:3      | Reached skill level 5 in Necromancy
  2127 | D:4      | Found an iron altar of Okawaru.
  2175 | D:4      | Found a hide-covered altar of Uskayaw.
  2249 | D:4      | Reached XP level 6. HP: 36/52 MP: 2/8
  2324 | D:4      | Found a radiant altar of Vehumet.
  2670 | D:5      | Entered Level 5 of the Dungeon
  2930 | D:5      | Reached skill level 6 in Necromancy
  3020 | D:5      | Reached XP level 7. HP: 43/60 MP: 3/9
  3062 | D:5      | Found a white marble altar of Elyvilon.
  3280 | D:6      | Reached skill level 5 in Fighting
  3286 | D:6      | Found a transporter.
  3287 | D:6      | Noticed sneaky's ghost (novice BaFi)
  3288 | D:6      | Found a transporter.
  3288 | D:6      | Identified the +6 great mace of Yqonoqi {elec, rC- MR++}
  3764 | D:6      | Noticed Pikel
  4264 | D:6      | Slain by Pikel

Levels and vault maps discovered:
D:1:      evilmike_arrival_home_sweet_home, layout_basic, st_stairs_4
D:2:      layout_rooms, uniq_natasha
D:3:      layout_loops_ring
D:4:      layout_gridville, marbit_many_paths, nicolae_overflow_hidden_temple,
          first_ration, okawaru_altar_gauntlet_db
D:5:      layout_rooms, lemuel_doored_altar
D:6:      layout_gridville, nicolae_ru_sacrificial_ziggurat,
          lemuel_coloured_pillars_altar, gammafunk_ghost_smash, uniq_pikel

Skill      XL: |  1  2  3  4  5  6  7 |
---------------+----------------------+-----
Dodging        | 2 |  2.0
Spellcasting   | 2 |  2.0
Fighting       | 1 2 3 4 5 |  5.7
Stealth        | 3 |  3.0
Necromancy     | 5 6 |  6.8

Action                   |  1- 3 |  4- 6 |  7- 9 || total
-------------------------+-------+-------+-------++-------
Melee: Unarmed           |     6 |       |       ||     6
       Short sword       |    49 |   178 |   104 ||   331
Throw: Stone             |       |       |     1 ||     1
 Cast: Pain              |    26 |    52 |    29 ||   107
       Animate Skeleton  |     6 |    11 |     2 ||    19
       Vampiric Draining |       |    11 |    15 ||    26
  Use: Potion            |       |       |     2 ||     2
 Stab: Sleeping          |       |     4 |       ||     4
  Eat: Chunk             |     2 |    18 |     1 ||    21
Armor: Robe              |    16 |    15 |     3 ||    34
Dodge: Dodged            |    32 |    81 |    45 ||   158
